Canucks vs Flyers

Created - February 15 2008 at 19:42

Goals
1 2 3 T
Canucks 0 1 2 3
Flyers 1 1 4 6
Shots
1 2 3 T
Canucks 6 9 7 22
Flyers 3 4 14 21

Period #1

1. Flyers , Owen Nolan 7 (Michal Handzus, Brent Seabrook) at 4:10

Penalties :
Anders Eriksson (VAN) for Hooking (Minor) at 2:09, Steve Bernier (VAN) for Hooking (Minor) at 7:17, Jeff Friesen (PHI) for Hooking (Minor) at 10:26, Mike Rathje (PHI) for Cross-checking (Minor) at 15:44

Period #2

2. Canucks , Jarret Stoll 10 (Martin Havlat) at 17:50 (PP)
3. Flyers , Tomas Holmstrom 20 (Todd White, Denis Gauthier) at 18:16

Penalties :
Tomas Holmstrom (PHI) for Hooking (Minor) at 1:48, Denis Gauthier (PHI) for Roughing (Minor) at 17:33

Period #3

4. Canucks , Milan Michalek 15 (Mike Commodore, Steve Bernier) at 0:33
5. Flyers , Dustin Penner 16 (Mike Van Ryn, Todd White) at 2:17 (PP)
6. Flyers , Alexander Radulov 15 (Mike Knuble, Peter Forsberg) at 6:49 (PP)
7. Flyers , Tomas Holmstrom 21 (Todd White, Dustin Penner) at 7:11
8. Canucks , Ryan Malone 12 (Colby Armstrong, Anders Eriksson) at 13:56
9. Flyers , Owen Nolan 8 (Samuel Pahlsson) at 14:58

Penalties :
Martin Havlat (VAN) for Holding (Minor) at 0:34, Mike Commodore (VAN) for Hooking (Minor) at 6:19

Goalie Stats

Evgeni Nabokov (VAN), 4 saves from 5 shots - (0.800), 12:49 minutes
Jocelyn Thibault (VAN), 11 saves from 16 shots - (0.688), L, 3-5-2, 47:11 minutes
Vesa Toskala (PHI), 19 saves from 22 shots - (0.864), W, 1-7-1, 60:00 minutes

Players Stats

Canucks
Player Name              G  A  P  +/- PIM S  H  SB FO MP 
-----------------------------------------------------------
Anders Eriksson          0  1  1   0  2   0  2  1  0  21 
Brad Richardson          0  0  0  -1  0   0  0  0  0  9  
Colby Armstrong          0  1  1   0  0   1  1  1  0  19 
Dan Hamhuis              0  0  0  -2  0   0  1  1  0  21 
Jarret Stoll             1  0  1  -1  0   3  1  0  22 12 
Marc-Edouard Vlasic      0  0  0   0  0   0  0  0  0  23 
Martin Havlat            0  1  1  -2  2   5  1  0  1  21 
Martin Skoula            0  0  0  -1  0   0  0  0  0  6  
Matt Cullen              0  0  0   0  0   2  0  0  13 19 
Mike Commodore           0  1  1   0  2   0  4  1  0  18 
Milan Michalek           1  0  1   0  0   1  0  0  1  19 
Nik Antropov             0  0  0   0  0   1  0  0  14 19 
Ron Hainsey              0  0  0  -1  0   0  2  0  0  18 
Ryan Malone              1  0  1   0  0   2  0  0  2  16 
Scott Walker             0  0  0  -1  0   0  0  0  0  17 
Sergei Fedorov           0  0  0   0  0   3  0  0  0  20 
Steve Bernier            0  1  1   0  2   2  3  0  1  18 
Steven Reinprecht        0  0  0  -1  0   2  1  0  20 14 
Flyers
Player Name              G  A  P  +/- PIM S  H  SB FO MP 
-----------------------------------------------------------
Alexander Radulov        1  0  1   0  0   4  1  0  1  21 
Brent Seabrook           0  1  1   0  0   0  2  0  0  22 
Darryl Sydor             0  0  0   2  0   0  0  0  0  21 
Denis Gauthier           0  1  1   0  2   0  2  2  0  20 
Dustin Penner            1  1  2   0  0   1  0  0  1  20 
Jeff Friesen             0  0  0   0  2   1  1  0  0  6  
Jiri Hudler              0  0  0   0  0   0  0  0  0  1  
Michal Handzus           0  1  1   0  0   0  0  0  8  7  
Mike Knuble              0  1  1   0  0   3  1  0  1  18 
Mike Rathje              0  0  0   2  2   0  1  0  0  18 
Mike Van Ryn             0  1  1   0  0   2  1  1  0  23 
Owen Nolan               2  0  2   2  0   2  0  0  1  16 
Pavel Kubina             0  0  0   0  0   2  1  4  0  21 
Peter Forsberg           0  1  1   0  0   0  1  0  17 18 
Sami Kapanen             0  0  0   2  0   1  0  0  0  19 
Samuel Pahlsson          0  1  1   2  0   1  1  0  21 19 
Todd White               0  3  3   0  0   1  0  0  21 20 
Tomas Holmstrom          2  0  2   0  2   3  2  0  3  19 

3 Stars

1 - Owen Nolan (PHI)
2 - Tomas Holmstrom (PHI)
3 - Dustin Penner (PHI)

Power Play

Canucks - 1 on 4 Attempt(s) - 25.00%
Flyers - 2 on 4 Attempt(s) - 50.00%

Penalty Kill

Canucks - 2 on 4 Attempt(s) - 50.00% - Score 0 goal in Penalty Kill
Flyers - 3 on 4 Attempt(s) - 75.00% - Score 0 goal in Penalty Kill

Game Notes

Evgeni Nabokov enters game at 7:11 of 3rd period

Finance

Level 1 -- Attendance: 4729 (78.82%) -- Ticket Income $425,610.00
Level 2 -- Attendance: 4357 (79.61%) -- Ticket Income $239,635.00
Level 3 -- Attendance: 1774 (63.36%) -- Ticket Income $35,480.00
Level 4 -- Attendance: 3584 (84.33%) -- Ticket Income $71,680.00
Luxury Box -- Attendance: 940 (94.00%) -- Ticket Income $164,500.00
Game was played at the Wachovia Center
Total Attendance: 15384 (78.80%)
Total Ticket Income: $961,256.80
Other Income: $125,562.00
Total Income: $1,086,819.00


Play by Play

Period #1

0:01 of 1st period - Peter Forsberg wins face-off versus Nik Antropov in neutral zone.
0:05 of 1st period - Off-side.
0:06 of 1st period - Todd White wins face-off versus Steven Reinprecht in neutral zone.
1:42 of 1st period - Off-side.
1:43 of 1st period - Matt Cullen wins face-off versus Samuel Pahlsson in neutral zone.
2:09 of 1st period - Minor Penalty to Anders Eriksson for Hooking.
2:10 of 1st period - Jarret Stoll wins face-off versus Peter Forsberg in Canucks zone.
2:22 of 1st period - Peter Forsberg is hit by Dan Hamhuis and loses puck.
3:46 of 1st period - Off-side.
3:47 of 1st period - Michal Handzus wins face-off versus Jarret Stoll in neutral zone.
4:08 of 1st period - Shot by Michal Handzus.
4:08 of 1st period - Shot Misses the Net.
4:10 of 1st period - Shot by Owen Nolan.
4:10 of 1st period - Goal by Owen Nolan - Canucks : 0 - Flyers : 1.
4:11 of 1st period - Steven Reinprecht wins face-off versus Samuel Pahlsson in neutral zone.
6:01 of 1st period - Shot by Matt Cullen.
6:01 of 1st period - Stopped by Vesa Toskala without a rebound.
6:02 of 1st period - Mike Knuble wins face-off versus Jarret Stoll in Flyers zone.
6:13 of 1st period - Shot by Mike Knuble.
6:13 of 1st period - Shot Hit the Post.
6:15 of 1st period - Shot by Alexander Radulov.
6:15 of 1st period - Stopped by Jocelyn Thibault without a rebound.
6:16 of 1st period - Peter Forsberg wins face-off versus Steven Reinprecht in Canucks zone.
6:16 of 1st period - Brent Seabrook is hit by Ron Hainsey and loses puck.
7:17 of 1st period - Minor Penalty to Steve Bernier for Hooking.
7:18 of 1st period - Todd White wins face-off versus Jarret Stoll in neutral zone.
7:28 of 1st period - Off-side.
7:29 of 1st period - Jarret Stoll wins face-off versus Todd White in neutral zone.
7:46 of 1st period - Shot by Mike Van Ryn.
7:46 of 1st period - Shot Misses the Net.
7:48 of 1st period - Shot by Todd White.
7:48 of 1st period - Shot Misses the Net.
7:50 of 1st period - Shot by Mike Van Ryn.
7:50 of 1st period - Stopped by Jocelyn Thibault without a rebound.
7:51 of 1st period - Peter Forsberg wins face-off versus Jarret Stoll in Canucks zone.
9:36 of 1st period - Samuel Pahlsson is hit by Ron Hainsey and loses puck.
9:53 of 1st period - Shot by Scott Walker.
9:53 of 1st period - Shot Misses the Net.
9:55 of 1st period - Shot by Martin Havlat.
9:55 of 1st period - Shot Blocked by Denis Gauthier.
9:57 of 1st period - Shot by Scott Walker.
9:57 of 1st period - Shot Blocked by Denis Gauthier.
10:26 of 1st period - Minor Penalty to Jeff Friesen for Hooking.
10:27 of 1st period - Michal Handzus wins face-off versus Nik Antropov in Canucks zone.
10:57 of 1st period - Shot by Sergei Fedorov.
10:57 of 1st period - Stopped by Vesa Toskala without a rebound.
10:58 of 1st period - Jarret Stoll wins face-off versus Samuel Pahlsson in Flyers zone.
11:11 of 1st period - Shot by Marc-Edouard Vlasic.
11:11 of 1st period - Shot Blocked by Pavel Kubina.
11:13 of 1st period - Shot by Jarret Stoll.
11:13 of 1st period - Stopped by Vesa Toskala without a rebound.
11:14 of 1st period - Jarret Stoll wins face-off versus Peter Forsberg in Flyers zone.
12:11 of 1st period - Icing by Ron Hainsey.
12:12 of 1st period - Michal Handzus wins face-off versus Nik Antropov in Canucks zone.
12:17 of 1st period - Shot by Michal Handzus.
12:17 of 1st period - Shot Misses the Net.
12:27 of 1st period - Shot by Matt Cullen.
12:27 of 1st period - Shot Misses the Net.
13:17 of 1st period - Dan Hamhuis is hit by Tomas Holmstrom.
14:23 of 1st period - Mike Commodore is hit by Pavel Kubina and loses puck.
14:35 of 1st period - Peter Forsberg is hit by Colby Armstrong and loses puck.
14:55 of 1st period - Off-side.
14:56 of 1st period - Samuel Pahlsson wins face-off versus Steven Reinprecht in neutral zone.
15:02 of 1st period - Icing by Ron Hainsey.
15:03 of 1st period - Samuel Pahlsson wins face-off versus Steven Reinprecht in Canucks zone.
15:14 of 1st period - Shot by Sami Kapanen.
15:14 of 1st period - Shot Misses the Net.
15:17 of 1st period - Icing by Ron Hainsey.
15:18 of 1st period - Steven Reinprecht wins face-off versus Michal Handzus in Canucks zone.
15:18 of 1st period - Steven Reinprecht is hit by Jeff Friesen.
15:42 of 1st period - Shot by Steven Reinprecht.
15:42 of 1st period - Stopped by Vesa Toskala without a rebound.
15:43 of 1st period - Matt Cullen wins face-off versus Samuel Pahlsson in Flyers zone.
15:43 of 1st period - Matt Cullen is hit by Mike Rathje.
15:44 of 1st period - Minor Penalty to Mike Rathje for Cross-checking.
15:45 of 1st period - Nik Antropov wins face-off versus Samuel Pahlsson in Flyers zone.
16:16 of 1st period - Shot by Sergei Fedorov.
16:16 of 1st period - Shot Misses the Net.
16:39 of 1st period - Icing by Jarret Stoll.
16:40 of 1st period - Jarret Stoll wins face-off versus Michal Handzus in Canucks zone.
16:42 of 1st period - Icing by Martin Havlat.
16:43 of 1st period - Jarret Stoll wins face-off versus Samuel Pahlsson in Canucks zone.
16:43 of 1st period - Jarret Stoll is hit by Samuel Pahlsson.
17:03 of 1st period - Shot by Martin Havlat.
17:03 of 1st period - Shot Misses the Net.
17:55 of 1st period - Shot by Matt Cullen.
17:55 of 1st period - Shot Misses the Net.
17:57 of 1st period - Shot by Sergei Fedorov.
17:57 of 1st period - Stopped by Vesa Toskala without a rebound.
17:58 of 1st period - Steve Bernier wins face-off versus Tomas Holmstrom in Flyers zone.
17:58 of 1st period - Mike Commodore is hit by Mike Van Ryn and loses puck.
18:11 of 1st period - Steve Bernier is hit by Denis Gauthier and loses puck.
19:48 of 1st period - Shot by Martin Havlat.
19:48 of 1st period - Stopped by Vesa Toskala without a rebound.
19:49 of 1st period - Michal Handzus wins face-off versus Jarret Stoll in Flyers zone.

Period #2

0:01 of 2nd period - Nik Antropov wins face-off versus Peter Forsberg in neutral zone.
0:56 of 2nd period - Mike Knuble is hit by Steven Reinprecht and loses puck.
1:48 of 2nd period - Minor Penalty to Tomas Holmstrom for Hooking.
1:49 of 2nd period - Jarret Stoll wins face-off versus Michal Handzus in Canucks zone.
1:56 of 2nd period - Michal Handzus is hit by Jarret Stoll.
2:58 of 2nd period - Icing by Ron Hainsey.
2:59 of 2nd period - Nik Antropov wins face-off versus Samuel Pahlsson in Canucks zone.
3:30 of 2nd period - Icing by Nik Antropov.
3:31 of 2nd period - Nik Antropov wins face-off versus Samuel Pahlsson in Canucks zone.
3:59 of 2nd period - Off-side.
4:00 of 2nd period - Peter Forsberg wins face-off versus Matt Cullen in neutral zone.
4:15 of 2nd period - Shot by Mike Knuble.
4:15 of 2nd period - Shot Misses the Net.
4:21 of 2nd period - Shot by Mike Knuble.
4:21 of 2nd period - Shot Misses the Net.
4:23 of 2nd period - Shot by Pavel Kubina.
4:23 of 2nd period - Shot Misses the Net.
5:34 of 2nd period - Off-side.
5:35 of 2nd period - Jarret Stoll wins face-off versus Dustin Penner in neutral zone.
6:12 of 2nd period - Shot by Jarret Stoll.
6:12 of 2nd period - Stopped by Vesa Toskala without a rebound.
6:13 of 2nd period - Peter Forsberg wins face-off versus Nik Antropov in Flyers zone.
6:13 of 2nd period - Peter Forsberg is hit by Steve Bernier.
6:16 of 2nd period - Alexander Radulov is hit by Mike Commodore and loses puck.
6:40 of 2nd period - Peter Forsberg is hit by Mike Commodore and loses puck.
6:47 of 2nd period - Mike Knuble is hit by Mike Commodore and loses puck.
6:50 of 2nd period - Shot by Alexander Radulov.
6:50 of 2nd period - Deflect By Mike Knuble.
6:50 of 2nd period - Shot Misses the Net.
6:52 of 2nd period - Shot by Mike Knuble.
6:52 of 2nd period - Stopped by Jocelyn Thibault with a rebound.
7:02 of 2nd period - Shot by Sami Kapanen.
7:02 of 2nd period - Deflect By Owen Nolan.
7:02 of 2nd period - Shot Misses the Net.
7:14 of 2nd period - Shot by Samuel Pahlsson.
7:14 of 2nd period - Stopped by Jocelyn Thibault without a rebound.
7:15 of 2nd period - Todd White wins face-off versus Steven Reinprecht in Canucks zone.
7:26 of 2nd period - Shot by Martin Havlat.
7:26 of 2nd period - Stopped by Vesa Toskala without a rebound.
7:27 of 2nd period - Jarret Stoll wins face-off versus Todd White in Flyers zone.
8:02 of 2nd period - Icing by Denis Gauthier.
8:03 of 2nd period - Matt Cullen wins face-off versus Todd White in Flyers zone.
8:06 of 2nd period - Shot by Matt Cullen.
8:06 of 2nd period - Stopped by Vesa Toskala without a rebound.
8:07 of 2nd period - Matt Cullen wins face-off versus Samuel Pahlsson in Flyers zone.
8:28 of 2nd period - Shot by Owen Nolan.
8:28 of 2nd period - Shot Blocked by Colby Armstrong.
9:18 of 2nd period - Shot by Milan Michalek.
9:18 of 2nd period - Deflect By Steve Bernier.
9:18 of 2nd period - Stopped by Vesa Toskala without a rebound.
9:19 of 2nd period - Todd White wins face-off versus Steven Reinprecht in Flyers zone.
10:03 of 2nd period - Shot by Steven Reinprecht.
10:03 of 2nd period - Stopped by Vesa Toskala with a rebound.
10:37 of 2nd period - Shot by Pavel Kubina.
10:37 of 2nd period - Shot Blocked by Mike Commodore.
11:49 of 2nd period - Icing by Owen Nolan.
11:50 of 2nd period - Samuel Pahlsson wins face-off versus Jarret Stoll in Flyers zone.
13:17 of 2nd period - Off-side.
13:18 of 2nd period - Matt Cullen wins face-off versus Samuel Pahlsson in neutral zone.
14:25 of 2nd period - Icing by Jeff Friesen.
14:26 of 2nd period - Steven Reinprecht wins face-off versus Michal Handzus in Flyers zone.
14:29 of 2nd period - Shot by Martin Havlat.
14:29 of 2nd period - Shot Misses the Net.
14:37 of 2nd period - Scott Walker is hit by Alexander Radulov.
14:44 of 2nd period - Martin Havlat is hit by Brent Seabrook and loses puck.
17:02 of 2nd period - Matt Cullen is hit by Peter Forsberg and loses puck.
17:14 of 2nd period - Shot by Matt Cullen.
17:14 of 2nd period - Shot Blocked by Pavel Kubina.
17:16 of 2nd period - Shot by Ryan Malone.
17:16 of 2nd period - Deflect By Matt Cullen.
17:16 of 2nd period - Shot Blocked by Pavel Kubina.
17:20 of 2nd period - Shot by Ryan Malone.
17:20 of 2nd period - Stopped by Vesa Toskala with a rebound.
17:22 of 2nd period - Shot by Ryan Malone.
17:22 of 2nd period - Shot Blocked by Pavel Kubina.
17:26 of 2nd period - Shot by Colby Armstrong.
17:26 of 2nd period - Stopped by Vesa Toskala without a rebound.
17:27 of 2nd period - Steven Reinprecht wins face-off versus Todd White in Flyers zone.
17:33 of 2nd period - Minor Penalty to Denis Gauthier for Roughing.
17:34 of 2nd period - Samuel Pahlsson wins face-off versus Martin Havlat in Flyers zone.
17:46 of 2nd period - Shot by Sergei Fedorov.
17:46 of 2nd period - Stopped by Vesa Toskala without a rebound.
17:47 of 2nd period - Jarret Stoll wins face-off versus Samuel Pahlsson in Flyers zone.
17:50 of 2nd period - Shot by Martin Havlat.
17:50 of 2nd period - Deflect By Jarret Stoll.
17:50 of 2nd period - Goal by Jarret Stoll - Canucks : 1 - Flyers : 1.
17:51 of 2nd period - Jarret Stoll wins face-off versus Todd White in neutral zone.
18:16 of 2nd period - Shot by Tomas Holmstrom.
18:16 of 2nd period - Goal by Tomas Holmstrom - Canucks : 1 - Flyers : 2.
18:17 of 2nd period - Matt Cullen wins face-off versus Owen Nolan in neutral zone.
19:21 of 2nd period - Sami Kapanen is hit by Steve Bernier and loses puck.
19:43 of 2nd period - Shot by Mike Knuble.
19:43 of 2nd period - Shot Misses the Net.
19:45 of 2nd period - Shot by Mike Knuble.
19:45 of 2nd period - Shot Misses the Net.
19:47 of 2nd period - Shot by Peter Forsberg.
19:47 of 2nd period - Deflect By Mike Knuble.
19:47 of 2nd period - Stopped by Jocelyn Thibault without a rebound.
19:48 of 2nd period - Steven Reinprecht wins face-off versus Todd White in Canucks zone.

Period #3

0:01 of 3rd period - Peter Forsberg wins face-off versus Nik Antropov in neutral zone.
0:21 of 3rd period - Icing by Mike Commodore.
0:22 of 3rd period - Nik Antropov wins face-off versus Todd White in Canucks zone.
0:33 of 3rd period - Shot by Milan Michalek.
0:33 of 3rd period - Goal by Milan Michalek - Canucks : 2 - Flyers : 2.
0:34 of 3rd period - Samuel Pahlsson wins face-off versus Steven Reinprecht in neutral zone.
0:34 of 3rd period - Minor Penalty to Martin Havlat for Holding.
0:35 of 3rd period - Matt Cullen wins face-off versus Todd White in neutral zone.
1:46 of 3rd period - Shot by Pavel Kubina.
1:46 of 3rd period - Stopped by Jocelyn Thibault without a rebound.
1:47 of 3rd period - Matt Cullen wins face-off versus Peter Forsberg in Canucks zone.
1:52 of 3rd period - Off-side.
1:53 of 3rd period - Jarret Stoll wins face-off versus Peter Forsberg in neutral zone.
2:13 of 3rd period - Shot by Pavel Kubina.
2:13 of 3rd period - Stopped by Jocelyn Thibault without a rebound.
2:14 of 3rd period - Todd White wins face-off versus Jarret Stoll in Canucks zone.
2:17 of 3rd period - Shot by Dustin Penner.
2:17 of 3rd period - Goal by Dustin Penner - Canucks : 2 - Flyers : 3.
2:18 of 3rd period - Samuel Pahlsson wins face-off versus Steven Reinprecht in neutral zone.
3:17 of 3rd period - Shot by Alexander Radulov.
3:17 of 3rd period - Stopped by Jocelyn Thibault with a rebound.
3:19 of 3rd period - Shot by Jeff Friesen.
3:19 of 3rd period - Shot Misses the Net.
3:37 of 3rd period - Shot by Jeff Friesen.
3:37 of 3rd period - Shot Misses the Net.
3:39 of 3rd period - Shot by Alexander Radulov.
3:39 of 3rd period - Stopped by Jocelyn Thibault without a rebound.
3:40 of 3rd period - Todd White wins face-off versus Matt Cullen in Canucks zone.
3:40 of 3rd period - Mike Van Ryn is hit by Anders Eriksson and loses puck.
4:15 of 3rd period - Shot by Todd White.
4:15 of 3rd period - Stopped by Jocelyn Thibault with a rebound.
4:30 of 3rd period - Icing by Denis Gauthier.
4:31 of 3rd period - Todd White wins face-off versus Nik Antropov in Flyers zone.
4:38 of 3rd period - Shot by Milan Michalek.
4:38 of 3rd period - Shot Misses the Net.
4:59 of 3rd period - Shot by Steve Bernier.
4:59 of 3rd period - Stopped by Vesa Toskala with a rebound.
5:03 of 3rd period - Shot by Nik Antropov.
5:03 of 3rd period - Stopped by Vesa Toskala without a rebound.
5:04 of 3rd period - Samuel Pahlsson wins face-off versus Steven Reinprecht in Flyers zone.
5:27 of 3rd period - Shot by Martin Havlat.
5:27 of 3rd period - Shot Misses the Net.
6:10 of 3rd period - Shot by Mike Knuble.
6:10 of 3rd period - Stopped by Jocelyn Thibault without a rebound.
6:11 of 3rd period - Peter Forsberg wins face-off versus Milan Michalek in Canucks zone.
6:11 of 3rd period - Mike Knuble is hit by Mike Commodore and loses puck.
6:19 of 3rd period - Minor Penalty to Mike Commodore for Hooking.
6:20 of 3rd period - Peter Forsberg wins face-off versus Jarret Stoll in Canucks zone.
6:21 of 3rd period - Shot by Mike Knuble.
6:21 of 3rd period - Deflect By Peter Forsberg.
6:21 of 3rd period - Shot Misses the Net.
6:49 of 3rd period - Shot by Alexander Radulov.
6:49 of 3rd period - Goal by Alexander Radulov - Canucks : 2 - Flyers : 4.
6:50 of 3rd period - Todd White wins face-off versus Matt Cullen in neutral zone.
7:07 of 3rd period - Shot by Dustin Penner.
7:07 of 3rd period - Shot Blocked by Anders Eriksson.
7:09 of 3rd period - Shot by Todd White.
7:09 of 3rd period - Shot Misses the Net.
7:11 of 3rd period - Shot by Tomas Holmstrom.
7:11 of 3rd period - Goal by Tomas Holmstrom - Canucks : 2 - Flyers : 5.
7:11 of 3rd period - Evgeni Nabokov enters game.
7:12 of 3rd period - Nik Antropov wins face-off versus Samuel Pahlsson in neutral zone.
7:40 of 3rd period - Shot by Nik Antropov.
7:40 of 3rd period - Shot Misses the Net.
7:44 of 3rd period - Shot by Steve Bernier.
7:44 of 3rd period - Shot Misses the Net.
8:51 of 3rd period - Steven Reinprecht is hit by Brent Seabrook and loses puck.
8:57 of 3rd period - Off-side.
8:58 of 3rd period - Todd White wins face-off versus Matt Cullen in neutral zone.
10:50 of 3rd period - Shot by Jeff Friesen.
10:50 of 3rd period - Stopped by Evgeni Nabokov with a rebound.
10:52 of 3rd period - Shot by Mike Van Ryn.
10:52 of 3rd period - Stopped by Evgeni Nabokov without a rebound.
10:53 of 3rd period - Alexander Radulov wins face-off versus Nik Antropov in Canucks zone.
11:08 of 3rd period - Off-side.
11:09 of 3rd period - Steven Reinprecht wins face-off versus Todd White in neutral zone.
11:30 of 3rd period - Shot by Tomas Holmstrom.
11:30 of 3rd period - Shot Misses the Net.
11:34 of 3rd period - Shot by Tomas Holmstrom.
11:34 of 3rd period - Shot Misses the Net.
11:38 of 3rd period - Shot by Mike Van Ryn.
11:38 of 3rd period - Shot Blocked by Dan Hamhuis.
11:52 of 3rd period - Shot by Martin Havlat.
11:52 of 3rd period - Shot Misses the Net.
12:35 of 3rd period - Peter Forsberg is hit by Steve Bernier.
13:04 of 3rd period - Samuel Pahlsson is hit by Martin Havlat and loses puck.
13:23 of 3rd period - Shot by Sami Kapanen.
13:23 of 3rd period - Stopped by Evgeni Nabokov with a rebound.
13:30 of 3rd period - Icing by Martin Skoula.
13:31 of 3rd period - Tomas Holmstrom wins face-off versus Jarret Stoll in Canucks zone.
13:44 of 3rd period - Shot by Tomas Holmstrom.
13:44 of 3rd period - Stopped by Evgeni Nabokov without a rebound.
13:45 of 3rd period - Ryan Malone wins face-off versus Todd White in Canucks zone.
13:52 of 3rd period - Shot by Ryan Malone.
13:52 of 3rd period - Shot Blocked by Mike Van Ryn.
13:54 of 3rd period - Shot by Colby Armstrong.
13:54 of 3rd period - Deflect By Ryan Malone.
13:54 of 3rd period - Shot Misses the Net.
13:56 of 3rd period - Shot by Ryan Malone.
13:56 of 3rd period - Goal by Ryan Malone - Canucks : 3 - Flyers : 5.
13:57 of 3rd period - Peter Forsberg wins face-off versus Nik Antropov in neutral zone.
14:58 of 3rd period - Shot by Owen Nolan.
14:58 of 3rd period - Goal by Owen Nolan - Canucks : 3 - Flyers : 6.
14:59 of 3rd period - Ryan Malone wins face-off versus Todd White in neutral zone.
15:24 of 3rd period - Icing by Denis Gauthier.
15:25 of 3rd period - Steven Reinprecht wins face-off versus Tomas Holmstrom in Flyers zone.
15:26 of 3rd period - Shot by Martin Havlat.
15:26 of 3rd period - Stopped by Vesa Toskala with a rebound.
15:32 of 3rd period - Steven Reinprecht is hit by Tomas Holmstrom and loses puck.
15:58 of 3rd period - Martin Havlat is hit by Denis Gauthier and loses puck.
16:18 of 3rd period - Tomas Holmstrom is hit by Anders Eriksson and loses puck.
17:50 of 3rd period - Icing by Mike Knuble.
17:51 of 3rd period - Peter Forsberg wins face-off versus Steven Reinprecht in Flyers zone.
17:55 of 3rd period - Icing by Mike Knuble.
17:56 of 3rd period - Jarret Stoll wins face-off versus Peter Forsberg in Flyers zone.
17:57 of 3rd period - Shot by Martin Havlat.
17:57 of 3rd period - Stopped by Vesa Toskala without a rebound.
17:58 of 3rd period - Steven Reinprecht wins face-off versus Samuel Pahlsson in Flyers zone.
18:07 of 3rd period - Shot by Martin Havlat.
18:07 of 3rd period - Stopped by Vesa Toskala without a rebound.
18:08 of 3rd period - Matt Cullen wins face-off versus Todd White in Flyers zone.
18:09 of 3rd period - Shot by Colby Armstrong.
18:09 of 3rd period - Shot Hit the Post.
19:02 of 3rd period - Icing by Ron Hainsey.
19:03 of 3rd period - Steven Reinprecht wins face-off versus Samuel Pahlsson in Canucks zone.
19:28 of 3rd period - Icing by Dan Hamhuis.
19:29 of 3rd period - Steven Reinprecht wins face-off versus Peter Forsberg in Canucks zone.
19:29 of 3rd period - Steven Reinprecht is hit by Mike Knuble.


Output by the SimonT Hockey Simulator (STHS) for Stephane Roy -- Original Page W3C XHTML 1.0 Valid